TOP OF THE 1ST |
Toronto Blue Jays batting - Pitching for Chicago White Sox : RHP Adam Ratcliff
|
Pitching: RHP Adam Ratcliff
|
|
Batting: RHB David Casas
|
0-0: Ball 1-0: Foul Ball, location: 2F 1-1: Ball 2-1: Ground out 5-3 (Groundball, 56S, EV 81.9 MPH)
|
Batting: SHB Matt Altieri
|
0-0: Ball 1-0: Foul Ball, location: 2F 1-1: Ball 2-1: Foul Ball, location: 2F 2-2: Foul Ball, location: 2F 2-2: Fly out, F8 (Flyball, 78M, EV 90.0 MPH)
|
Batting: RHB Donny Burnside
|
0-0: Called Strike 0-1: Ball 1-1: Ball 2-1: Foul Ball, location: 2F 2-2: Foul Ball, location: 2F 2-2: Fly out, F7 (Line Drive, 56D, EV 73.8 MPH)
|
Top of the 1st over - 0 runs, 0 hits, 0 errors, 0 left on base; Toronto 0 - Chicago 0 |
BOTTOM OF THE 1ST |
Chicago White Sox batting - Pitching for Toronto Blue Jays : RHP Javy Falcon
|
Pitching: RHP Javy Falcon
|
|
Batting: SHB Cesar Herrera
|
0-0: Swinging Strike 0-1: Ball 1-1: Ball 2-1: Ball 3-1: Foul Ball, location: 2F 3-2: Strikes out swinging
|
Batting: SHB Rich Chavez
|
0-0: Ball 1-0: Called Strike 1-1: Ball 2-1: SOLO HOME RUN (Flyball, 9D, EV 95.0 MPH), Distance : 375 ft
|
Batting: LHB Randy Rosenberry
|
0-0: Foul Ball, location: 2F 0-1: SOLO HOME RUN (Flyball, 7D, EV 98.8 MPH), Distance : 370 ft
|
Batting: LHB Jack Christie
|
0-0: Ball 1-0: Ball 2-0: Ball 3-0: Foul Ball, location: 2F 3-1: Ground out 4-3 (Groundball, 4S, EV 91.2 MPH)
|
Batting: RHB Steve Castleberry
|
0-0: Ball 1-0: Ball 2-0: Called Strike 2-1: Foul Ball, location: 2F 2-2: Foul Ball, location: 2F 2-2: SINGLE (Groundball, 34D, EV 98.1 MPH)
|
Batting: RHB Brad Boals
|
0-0: Ball 1-0: Ball 2-0: Swinging Strike 2-1: Ball 3-1: Swinging Strike 3-2: Foul Ball, location: 2F 3-2: DOUBLE (Line Drive, 7LM, EV 96.9 MPH) Steve Castleberry to third Steve Castleberry scores
|
Batting: LHB Sidney Pedder
|
0-0: Ball 1-0: Ball 2-0: Ground out 1-3 (Groundball, 34S, EV 61.9 MPH)
|
Bottom of the 1st over - 3 runs, 4 hits, 0 errors, 1 left on base; Toronto 0 - Chicago 3 |
TOP OF THE 2ND |
Toronto Blue Jays batting - Pitching for Chicago White Sox : RHP Adam Ratcliff
|
Batting: LHB Jon Schick
|
0-0: Called Strike 0-1: Ground out 3-1 (Groundball, 34S, EV 81.2 MPH)
|
Batting: LHB Michael Byrd
|
0-0: Ball 1-0: Ball 2-0: Called Strike 2-1: Ball 3-1: Foul Ball, location: 2F 3-2: Base on Balls
|
Batting: SHB Mark Rennie
|
0-0: Ball 1-0: Ball Michael Byrd steals 2nd base 2-0: Ball 3-0: Base on Balls
|
Batting: LHB Nate Dean
|
0-0: Ball 1-0: Ball 2-0: Ball 3-0: Called Strike 3-1: Fielders Choice at 2nd, 5-4 (Groundball, 56, EV 79.4 MPH) Michael Byrd to third
|
Batting: LHB Willis Robles
|
0-0: Ball 1-0: Ball 2-0: Ball 3-0: Called Strike 3-1: Base on Balls Nate Dean to second
|
Batting: RHB Kirk Arp
|
0-0: Ball 1-0: Ball 2-0: Ball 3-0: Called Strike 3-1: Swinging Strike 3-2: Strikes out swinging
|
Top of the 2nd over - 0 runs, 0 hits, 0 errors, 3 left on base; Toronto 0 - Chicago 3 |
BOTTOM OF THE 2ND |
Chicago White Sox batting - Pitching for Toronto Blue Jays : RHP Javy Falcon
|
Batting: RHB Matt Thompson
|
0-0: Ball 1-0: Foul Ball, location: 2F 1-1: Foul Ball, location: 2F 1-2: Ball 2-2: Ball 3-2: Fly out, F9 (Flyball, 9LS, EV 91.2 MPH)
|
Batting: RHB Dieter Knoops
|
0-0: Fly out, F6 (Popup, 6MS, EV 65.0 MPH)
|
Batting: SHB Cesar Herrera
|
0-0: Called Strike 0-1: Ball 1-1: Ball 2-1: Ball 3-1: Foul Ball, location: 2F 3-2: Strikes out swinging
|
Bottom of the 2nd over - 0 runs, 0 hits, 0 errors, 0 left on base; Toronto 0 - Chicago 3 |
TOP OF THE 3RD |
Toronto Blue Jays batting - Pitching for Chicago White Sox : RHP Adam Ratcliff
|
Batting: RHB David Casas
|
0-0: Ground out 6-3 (Groundball, 6D, EV 108.1 MPH)
|
Batting: SHB Matt Altieri
|
0-0: Ball 1-0: Called Strike 1-1: Swinging Strike 1-2: Ball 2-2: Foul Ball, location: 2F 2-2: Foul Ball, location: 2F 2-2: Foul Ball, location: 2F 2-2: Ground out 6-3 (Groundball, 6, EV 96.2 MPH)
|
Batting: RHB Donny Burnside
|
0-0: Ball 1-0: Ball 2-0: Swinging Strike 2-1: SINGLE (Flyball, 8RS, EV 85.6 MPH)
|
Batting: LHB Jon Schick
|
0-0: Ball 1-0: Called Strike 1-1: Ball 2-1: Called Strike Donny Burnside steals 2nd base 2-2: Foul Ball, location: 2F 2-2: Ball 3-2: Foul Ball, location: 2F 3-2: Base on Balls
|
Batting: LHB Michael Byrd
|
0-0: Swinging Strike 0-1: Ball 1-1: Swinging Strike 1-2: Foul Ball, location: 2F 1-2: Foul Ball, location: 2F 1-2: Strikes out swinging
|
Top of the 3rd over - 0 runs, 1 hit, 0 errors, 2 left on base; Toronto 0 - Chicago 3 |
BOTTOM OF THE 3RD |
Chicago White Sox batting - Pitching for Toronto Blue Jays : RHP Javy Falcon
|
Batting: SHB Rich Chavez
|
0-0: Foul Ball, location: 2F 0-1: Ground out U3 (Groundball, 34, EV 77.5 MPH)
|
Batting: LHB Randy Rosenberry
|
0-0: Ball 1-0: Fly out, F2 (Popup, 2L, EV 95.6 MPH)
|
Batting: LHB Jack Christie
|
0-0: Ball 1-0: Ball 2-0: Called Strike 2-1: Fly out, F7 (Flyball, 7, EV 84.4 MPH)
|
Bottom of the 3rd over - 0 runs, 0 hits, 0 errors, 0 left on base; Toronto 0 - Chicago 3 |
TOP OF THE 4TH |
Toronto Blue Jays batting - Pitching for Chicago White Sox : RHP Adam Ratcliff
|
Batting: SHB Mark Rennie
|
0-0: Ball 1-0: Foul Ball, location: 2F 1-1: Ball 2-1: DOUBLE (Line Drive, 89D, EV 110.0 MPH)
|
Batting: LHB Nate Dean
|
0-0: Ball 1-0: Called Strike 1-1: Ball 2-1: Foul Ball, location: 2F 2-2: Ball 3-2: Foul Ball, location: 2F 3-2: Base on Balls
|
Batting: LHB Willis Robles
|
0-0: Called Strike 0-1: Called Strike 0-2: Strikes out looking
|
Pitching: LHP John Murray
|
|
Batting: RHB Kirk Arp
|
0-0: Ball 1-0: Ball 2-0: Foul Ball, location: 2F 2-1: Ball 3-1: Called Strike 3-2: Strikes out looking
|
Batting: RHB David Casas
|
0-0: Called Strike 0-1: Swinging Strike 0-2: Ball 1-2: Ground out 4-3 (Groundball, 4MS, EV 93.1 MPH)
|
Top of the 4th over - 0 runs, 1 hit, 0 errors, 2 left on base; Toronto 0 - Chicago 3 |
BOTTOM OF THE 4TH |
Chicago White Sox batting - Pitching for Toronto Blue Jays : RHP Javy Falcon
|
Batting: RHB Steve Castleberry
|
0-0: Called Strike 0-1: Ball 1-1: Foul Ball, location: 2F 1-2: Strikes out swinging
|
Batting: RHB Brad Boals
|
0-0: Ball 1-0: Ball 2-0: Ball 3-0: Base on Balls
|
Batting: LHB Sidney Pedder
|
0-0: DOUBLE (Line Drive, 89D, EV 110.6 MPH) Brad Boals to third Runner from 3rd tries for Home, SAFE, throw by CF to trailing runner, SAFE at third!
|
Batting: RHB Matt Thompson
|
0-0: Ball 1-0: Ball 2-0: Ball 3-0: Base on Balls
|
Batting: RHB Dieter Knoops
|
0-0: Hit by Pitch Matt Thompson to second
|
Batting: SHB Cesar Herrera
|
0-0: Called Strike 0-1: Called Strike 0-2: Foul Ball, location: 2F 0-2: Foul Ball, location: 2F 0-2: Foul Ball, location: 2F 0-2: Ball 1-2: Ball 2-2: Strikes out swinging
|
Batting: SHB Rich Chavez
|
0-0: Ball 1-0: Called Strike 1-1: Foul Ball, location: 2F 1-2: Foul Ball, location: 2F 1-2: Ball 2-2: Ball 3-2: Foul Ball, location: 2F 3-2: Fly out, F8 (Line Drive, 8RS, EV 89.4 MPH)
|
Bottom of the 4th over - 1 run, 1 hit, 0 errors, 3 left on base; Toronto 0 - Chicago 4 |
TOP OF THE 5TH |
Toronto Blue Jays batting - Pitching for Chicago White Sox : LHP John Murray
|
Batting: SHB Matt Altieri
|
0-0: Ball 1-0: Ball 2-0: Ball 3-0: Base on Balls
|
Batting: RHB Donny Burnside
|
0-0: Called Strike 0-1: Ball 1-1: Called Strike 1-2: Ball 2-2: Grounds into double play, 5-4-3 (Groundball, 56, EV 105.6 MPH)
|
Batting: LHB Jon Schick
|
0-0: Swinging Strike 0-1: Called Strike 0-2: Ball 1-2: Foul Ball, location: 2F 1-2: Ball 2-2: Foul Ball, location: 2F 2-2: Strikes out swinging
|
Top of the 5th over - 0 runs, 0 hits, 0 errors, 0 left on base; Toronto 0 - Chicago 4 |
BOTTOM OF THE 5TH |
Chicago White Sox batting - Pitching for Toronto Blue Jays : RHP Javy Falcon
|
Batting: LHB Randy Rosenberry
|
0-0: Ball 1-0: Ball 2-0: Ball 3-0: Base on Balls
|
Batting: LHB Jack Christie
|
0-0: Ball 1-0: Grounds into double play, 4-6-3 (Groundball, 34D, EV 85.6 MPH)
|
Batting: RHB Steve Castleberry
|
0-0: Ball 1-0: Fly out, F7 (Line Drive, 7, EV 93.8 MPH)
|
Bottom of the 5th over - 0 runs, 0 hits, 0 errors, 0 left on base; Toronto 0 - Chicago 4 |
TOP OF THE 6TH |
Toronto Blue Jays batting - Pitching for Chicago White Sox : LHP John Murray
|
Batting: LHB Michael Byrd
|
0-0: Called Strike 0-1: SINGLE (Groundball, 4D, EV 95.6 MPH)
|
Batting: SHB Mark Rennie
|
0-0: Ball 1-0: Ball 2-0: Foul Ball, location: 2F 2-1: Ball 3-1: Foul Ball, location: 2F 3-2: Base on Balls Michael Byrd to second
|
Batting: LHB Nate Dean
|
0-0: Foul Ball, location: 2F 0-1: Called Strike 0-2: Ball 1-2: Ball 2-2: Ball 3-2: Foul Ball, location: 2F 3-2: Foul Ball, location: 2F 3-2: Strikes out swinging
|
Batting: LHB Willis Robles
|
0-0: Called Strike 0-1: Ball 1-1: Fly out, F7 (Flyball, 7D, EV 90.6 MPH) Runner from 2nd tags up, SAFE at 3rd, no throw by LF
|
Batting: RHB Kirk Arp
|
0-0: Ball 1-0: Ball 2-0: Swinging Strike 2-1: Ground out 4-3 (Groundball, 4, EV 85.0 MPH)
|
Top of the 6th over - 0 runs, 1 hit, 0 errors, 2 left on base; Toronto 0 - Chicago 4 |
BOTTOM OF THE 6TH |
Chicago White Sox batting - Pitching for Toronto Blue Jays : RHP Javy Falcon
|
Batting: RHB Brad Boals
|
0-0: Called Strike 0-1: Swinging Strike 0-2: SOLO HOME RUN (Flyball, 78XD, EV 99.4 MPH), Distance : 386 ft
|
Pitching: RHP Justin Sedivy
|
|
Batting: LHB Sidney Pedder
|
0-0: Called Strike 0-1: Ball 1-1: Swinging Strike 1-2: Strikes out swinging
|
Batting: RHB Matt Thompson
|
0-0: Called Strike 0-1: Ball 1-1: Foul Ball, location: 2F 1-2: Ball 2-2: Foul Ball, location: 2F 2-2: Strikes out swinging
|
Batting: RHB Dieter Knoops
|
0-0: Ball 1-0: Ball 2-0: Called Strike 2-1: Ball 3-1: Fly out, F9 (Line Drive, 9S, EV 106.2 MPH)
|
Bottom of the 6th over - 1 run, 1 hit, 0 errors, 0 left on base; Toronto 0 - Chicago 5 |
TOP OF THE 7TH |
Toronto Blue Jays batting - Pitching for Chicago White Sox : LHP John Murray
|
Batting: RHB David Casas
|
0-0: Ball 1-0: Ball 2-0: Fly out, F9 (Flyball, 9D, EV 90.0 MPH)
|
Pitching: RHP Mike Willig
|
|
Batting: SHB Matt Altieri
|
0-0: Ball 1-0: Ball 2-0: Ground out 4-3 (Groundball, 4, EV 97.5 MPH)
|
Batting: RHB Donny Burnside
|
0-0: Called Strike 0-1: Ball 1-1: Ball 2-1: Ground out 1-3 (Groundball, P, EV 71.2 MPH)
|
Top of the 7th over - 0 runs, 0 hits, 0 errors, 0 left on base; Toronto 0 - Chicago 5 |
BOTTOM OF THE 7TH |
Chicago White Sox batting - Pitching for Toronto Blue Jays : RHP Justin Sedivy
|
Batting: SHB Cesar Herrera
|
0-0: Called Strike 0-1: Ball 1-1: Ball 2-1: Ball 3-1: Base on Balls
|
Batting: SHB Rich Chavez
|
0-0: Foul Ball, location: 2F 0-1: DOUBLE (Line Drive, 8LXD, EV 100.0 MPH) Cesar Herrera to third Runner from 3rd tries for Home, SAFE, throw by CF to home
|
Batting: LHB Randy Rosenberry
|
0-0: Ball 1-0: Ground out 4-3 (Groundball, 4, EV 85.6 MPH) Rich Chavez to third
|
Batting: LHB Jack Christie
|
0-0: Called Strike 0-1: Ball 1-1: Called Strike 1-2: Ball 2-2: DOUBLE (Line Drive, 9LM, EV 108.1 MPH) Rich Chavez scores
|
Batting: RHB Steve Castleberry
|
0-0: 2-RUN HOME RUN (Flyball, 89XD, EV 97.5 MPH), Distance : 383 ft
|
Batting: RHB Brad Boals
|
0-0: DOUBLE (Groundball, 5L, EV 105.6 MPH)
|
Batting: LHB Sidney Pedder
|
0-0: Ball 1-0: Foul Ball, location: 2F 1-1: Ball 2-1: Swinging Strike 2-2: Strikes out swinging
|
Batting: RHB Matt Thompson
|
0-0: Called Strike 0-1: Ball 1-1: Ball 2-1: Called Strike 2-2: Strikes out swinging
|
Bottom of the 7th over - 4 runs, 4 hits, 0 errors, 1 left on base; Toronto 0 - Chicago 9 |
TOP OF THE 8TH |
Toronto Blue Jays batting - Pitching for Chicago White Sox : RHP Mike Willig
|
Batting: LHB Jon Schick
|
0-0: Ball 1-0: Ball 2-0: Ball 3-0: Called Strike 3-1: Base on Balls
|
Batting: LHB Michael Byrd
|
0-0: Swinging Strike 0-1: Swinging Strike 0-2: Ball 1-2: Strikes out swinging
|
Batting: SHB Mark Rennie
|
0-0: DOUBLE (Flyball, 8LXD, EV 88.1 MPH) Jon Schick to third
|
Batting: LHB Nate Dean
|
0-0: Ball 1-0: Foul Ball, location: 2F 1-1: Foul Ball, location: 2F 1-2: Ball 2-2: SINGLE (Flyball, 3D, EV 96.9 MPH) Jon Schick scores Mark Rennie to third
|
Batting: LHB Willis Robles
|
0-0: Swinging Strike 0-1: Foul Ball, location: 2F 0-2: Ball 1-2: Ball 2-2: Ball 3-2: Fielders Choice at 2nd, 3-6 (Groundball, 34S, EV 89.4 MPH) Mark Rennie scores
|
Pitching: LHP Rhett Beers
|
|
Batting: RHB Kirk Arp
|
0-0: Ball 1-0: Swinging Strike 1-1: Swinging Strike 1-2: Strikes out looking
|
Top of the 8th over - 2 runs, 2 hits, 0 errors, 1 left on base; Toronto 2 - Chicago 9 |
BOTTOM OF THE 8TH |
Chicago White Sox batting - Pitching for Toronto Blue Jays : RHP Justin Sedivy
|
Batting: RHB Dieter Knoops
|
0-0: Called Strike 0-1: Swinging Strike 0-2: Strikes out swinging, 2-3 out at first.
|
Batting: SHB Cesar Herrera
|
0-0: Ball 1-0: Foul Ball, location: 2F 1-1: Foul Ball, location: 2F 1-2: Ball 2-2: Foul Ball, location: 2F 2-2: Ground out 1-3 (Groundball, 13, EV 70.6 MPH)
|
Batting: SHB Rich Chavez
|
0-0: Ball 1-0: Ball 2-0: Called Strike 2-1: Foul Ball, location: 2F 2-2: Foul Ball, location: 2F 2-2: Fly out, F8 (Flyball, 8LD, EV 100.6 MPH)
|
Bottom of the 8th over - 0 runs, 0 hits, 0 errors, 0 left on base; Toronto 2 - Chicago 9 |
TOP OF THE 9TH |
Toronto Blue Jays batting - Pitching for Chicago White Sox : LHP Rhett Beers
|
Batting: RHB David Casas
|
0-0: Called Strike 0-1: Ball 1-1: Foul Ball, location: 2F 1-2: Ball 2-2: Ball 3-2: Base on Balls
|
Batting: SHB Matt Altieri
|
0-0: Foul Ball, location: 2F 0-1: Foul Ball, location: 2F 0-2: Ball 1-2: Foul Ball, location: 2F 1-2: Strikes out swinging
|
Batting: RHB Donny Burnside
|
0-0: Ball 1-0: Hit by Pitch David Casas to second
|
Batting: LHB Jon Schick
|
0-0: Fly out, F9 (Flyball, 9LS, EV 88.8 MPH)
|
Pinch Hitting: RHB Danny Burnside
|
0-0: Ball 1-0: Called Strike 1-1: Ground out 4-3 (Groundball, 4, EV 102.5 MPH)
|
Top of the 9th over - 0 runs, 0 hits, 0 errors, 2 left on base; Toronto 2 - Chicago 9 |
|